 Dungeon Crawl Stone Soup version 0.29.1-13-g9f3cf754e1 (console) character file.

Game seed: 7684820441532594621

177 om the Magician (level 5, -1/35 HPs)
             Began as a Djinni Ice Elementalist on Feb 9, 2023.
             Slain by Grinder (3 damage)
             ... on level 3 of the Dungeon.
             The game lasted 00:05:39 (3393 turns).

om the Magician (Djinni Ice Elementalist)           Turns: 3393, Time: 00:05:40

Health: -1/35      AC:  8    Str:  7    XL:     5   Next: 88%
Gold:   119        EV: 13    Int: 18    God:
                   SH:  0    Dex: 14

rFire   + + .      SeeInvis .   h - +0 dagger (venom)
rCold   x . .      Faith    .   (no shield)
rNeg    . . .      Spirit   .   a - +0 robe
rPois   ∞          Reflect  .   (no helmet)
rElec   .          Harm     .   (no cloak)
rCorr   .          Rampage  .   (no gloves)
Will    .....                   (boots unavailable)
Stlth   ++........              (no amulet)
HPRegen 0.11/turn               (no ring)
MPRegen 0.00/turn               (no ring)

@: ice-armoured, freezing walls, flying
A: sickness immunity, fire resistance 2, cold vulnerability 1, float, innate
caster, HP casting, extra vitality 1
a: no special abilities


You were on level 3 of the Dungeon.
You visited 1 branch of the dungeon, and saw 3 of its levels.

You collected 119 gold pieces.

Inventory:

Hand Weapons
 c - a +0 short sword
 h - a +0 dagger of venom (weapon)
Armour
 a - a +0 robe (worn)
Wands
 f - a wand of acid (10)
Scrolls
 b - a scroll of vulnerability
Potions
 d - 2 potions of attraction {unknown}
 g - 2 potions of curing


   Skills:
 + Level 4.1 Dodging
 - Level 2.0 Stealth
 + Level 4.4 Spellcasting


You couldn't memorise any spells.
You knew the following spells:

 Your Spells              Type           Power      Damage    Failure   Level
a - Freeze                Ice            80%        1d9       2%          1
b - Frozen Ramparts       Ice            40%        1d7       7%          3
c - Ozocubu's Armour      Ice            20%        N/A       7%          3
d - Hailstorm             Conj/Ice       20%        3d6       22%         4
e - Sting                 Tmut/Pois      80%        1d7       2%          1
f - Passwall              Tmut/Erth      16%        N/A       3%          2
Your spell library was empty.

Dungeon Overview and Level Annotations

Branches:
Dungeon (3/15)

Altars:
Gozag

Annotations:
D:3 Grinder


Innate Abilities, Weirdness & Mutations

You are immune to sickness and miasma.
You are immune to poison.
Your flesh is very heat resistant. (rF++)
You are vulnerable to cold. (rC-)
You float through the air rather than walking.
You learn spells naturally, not from books.
Your magical power is your life essence.
You have superior vitality. (+4 MHP)


Message History

Aiming: Sting (safe; 2% risk of failure)
Press: ? - help, Shift-Dir - straight line, f/p - Grinder
Aim: Grinder, carrying a wand of polymorph (4) (moderately wounded, poisoned, 73% to hit)
The sting hits Grinder but does no damage.
Grinder looks even sicker.
Grinder is moderately wounded.
Grinder completely resists.
The wall freezes Grinder but does no damage.
Grinder blinks!
Casting: Sting (safe; 2% risk of failure)
Confirm with . or Enter, or press ? or * to list all spells.
Aiming: Sting (safe; 2% risk of failure)
Press: ? - help, Shift-Dir - straight line, f/p - Grinder
Aim: Grinder, carrying a wand of polymorph (4) (moderately wounded, very poisoned, 73% to hit)
The sting hits Grinder.
Grinder partially resists.
Grinder is heavily wounded.
Grinder resists.
The wall freezes Grinder.
You closely miss Grinder.
Grinder is heavily wounded.
The frozen ramparts melt away.
Grinder zaps a wand.
You resist with some effort.
Unknown command.
Casting: Sting (safe; 2% risk of failure)
Confirm with . or Enter, or press ? or * to list all spells.
Casting: Frozen Ramparts (dangerous; 7% risk of failure)
Press: ? - help, Dir - look around, f - activate The walls around you are covered in ice.
Grinder completely resists.
The wall freezes Grinder but does no damage.
Grinder hits you!
* * * LOW HITPOINT WARNING * * *
You hit Grinder.
Grinder looks as sick as possible!
Grinder is heavily wounded.
Grinder completely resists.
The wall freezes Grinder but does no damage.
Grinder says, "I used to sell toenails on the black market."
Grinder hits you.
* * * LOW HITPOINT WARNING * * *
You writhe in agony.
You die...

### ######.# #......#
#.####.# #.# #.#
#.####.######
####>..##......#
#......#######@#
#!######### #5#
#.......... #.# #
#..#######. #.# ###..#
..# .....#############
........(........######
....############.#....#
....#.#.##### #.#.##.#


You could see Grinder (extremely poisoned).

Vanquished Creatures
  An orc priest (D:2)
  An orc wizard (D:2)
  Robin (D:3)
  4 gnolls (D:2)
  An adder (D:2)
  A worm (D:2)
  A dart slug (D:1)
  2 orcs (D:2)
  4 ball pythons
  5 endoplasms
  A giant cockroach (D:2)
  13 goblins
  3 hobgoblins
  2 quokkas
  8 bats
  5 frilled lizards
  4 kobolds
  3 rats
60 creatures vanquished.

Vanquished Creatures (others)
  46 plants (D:2)
46 creatures vanquished.

Grand Total: 106 creatures vanquished

Notes
Turn   | Place    | Note
-------+----------+-------------------------------------------
     0 | D:1      | om the Djinni Ice Elementalist began the quest for the Orb.
     0 | D:1      | om set off with the following spells memorised: Freeze,
                  | Frozen Ramparts, Ozocubu's Armour, Hailstorm.
     0 | D:1      | Reached XP level 1. HP: 15/15 MP: 0/0
   194 | D:1      | Reached XP level 2. HP: 12/21 MP: 0/0
   554 | D:1      | Found a faded altar of an unknown god.
   976 | D:1      | Reached XP level 3. HP: 16/25 MP: 0/0
   976 | D:1      | Learned a level 1 spell: Sting
  1696 | D:2      | Reached XP level 4. HP: 30/31 MP: 0/0
  1886 | D:2      | Reached XP level 5. HP: 26/35 MP: 0/0
  1886 | D:2      | Learned a level 2 spell: Passwall
  2952 | D:3      | Found an opulent altar of Gozag.
  3018 | D:3      | Noticed Robin
  3045 | D:3      | Killed Robin
  3382 | D:3      | Noticed Grinder
  3393 | D:3      | Slain by Grinder

Illustrated notes

Levels and vault maps discovered:
D:1:      erik_arrival_blinker_ship, layout_basic,
          dreamdust_ecumenical_altar_grove
D:2:      layout_basic, corexii_hall_statues_t, minmay_misc_feat_enclosed,
          serial_bayou_lagoon_a, minmay_tripent
D:3:      layout_basic, amcnicky_altar_gilded, st_stairs_6, uniq_grinder,
          uniq_robin

Skill      XL: |  1  2  3  4  5 |
---------------+----------------+-----
Stealth        | 2 |  2.0
Spellcasting   | 4 |  4.4
Dodging        | 3 4 |  4.1

Action                   |  1- 3 |  4- 6 || total
-------------------------+-------+-------++-------
Melee: Short sword       |    18 |    19 ||    37
       Dagger            |       |     2 ||     2
       Punch             |       |     1 ||     1
 Cast: Freeze            |    28 |    21 ||    49
       Sting             |    10 |    28 ||    38
       Frozen Ramparts   |       |     6 ||     6
       Ozocubu's Armour  |       |     3 ||     3
  Use: Scroll            |       |     5 ||     5
 Stab: Sleeping          |     1 |     1 ||     2
Armor: Robe              |     5 |     3 ||     8
Dodge: Dodged            |    24 |    31 ||    55
